 Dungeon Crawl Stone Soup version 0.26-a0-597-gb535b0901c (webtiles) character file.

Game seed: 10027124253518417190

24915 Lanoc the Gelid (level 12, -10/81 HPs)
             Began as a Demonspawn Ice Elementalist on Sept 8, 2020.
             Was a High Priest of Qazlal.
             Mangled by a two-headed ogre
             ... wielding a +0 giant spiked club
              (12 damage)
             ... on level 2 of the Orcish Mines.
             The game lasted 00:35:23 (21408 turns).

Lanoc the Gelid (Demonspawn Ice Elementalist)      Turns: 21408, Time: 00:35:23

Health: -10/81     AC: 15    Str:  9    XL:     12   Next: 84%
Magic:  9/15       EV: 24    Int: 28    God:    Qazlal [*****.]
Gold:   2392       SH:  6    Dex: 13    Spells: 0/15 levels left

rFire    . . .     SeeInvis .   b - +5 halberd (freeze)
rCold    . . .     Faith    .   (shield currently unavailable)
rNeg     . . .     Spirit   .   y - +0 robe {Archmagi}
rPois    .         Reflect  .   (helmet restricted)
rElec    .         Harm     .   (no cloak)
rCorr    .                      (no gloves)
MR       .....                  (no boots)
Stlth    +.........             (no amulet)
HPRegen  0.23/turn              e - +6 ring of intelligence
MPRegen  0.14/turn              v - +4 ring of protection

@: agile, sanguine armour, frozen ramparts, very slightly contaminated, repel
missiles
A: antennae 1, powered by pain 2, sanguine armour 2
a: Upheaval, Elemental Force, Disaster Area, Renounce Religion


You were on level 2 of the Orcish Mines.
You worshipped Qazlal.
Qazlal was extremely pleased with you.
You visited 3 branches of the dungeon, and saw 16 of its levels.
You also visited: Bailey.

You collected 2392 gold pieces.

Inventory:

Hand Weapons
 a - a +1 vampiric dagger
 b - a +5 halberd of freezing (weapon)
Missiles
 o - 3 curare-tipped darts (quivered)
Armour
 y - a +0 robe of the Archmagi (worn)
Jewellery
 e - a +6 ring of intelligence (left hand)
 j - a +6 ring of dexterity
 v - a +4 ring of protection (right hand)
Wands
 i - a wand of random effects (28)
 k - a wand of polymorph (8)
 w - a wand of iceblast (13)
 A - a wand of enslavement (3)
Scrolls
 c - 4 scrolls of immolation
 d - 5 scrolls of remove curse
 f - 2 scrolls of magic mapping
 h - a scroll of blinking
 l - 14 scrolls of identify
 m - a scroll of fear
 p - 4 scrolls of fog
 r - a scroll of enchant armour
 t - a scroll of amnesia {unknown}
 u - a scroll of holy word {unknown}
 x - 2 scrolls of summoning
Potions
 g - 2 potions of mutation
 n - 4 potions of flight
 s - a potion of stabbing
 B - a potion of brilliance {unknown}


   Skills:
 + Level 3.4 Fighting
 + Level 11.5 Dodging
 - Level 1.7 Stealth
 - Level 2.0 Spellcasting
 * Level 15.7 Ice Magic


You couldn't memorise any spells.
You knew the following spells:

 Your Spells              Type           Power        Failure   Level
a - Freeze                Ice            ####         0%          1
b - Frozen Ramparts       Ice            ######       1%          3
c - Ozocubu's Armour      Ice            #######.     1%          3
d - Summon Ice Beast      Ice/Summ       ######..     3%          4
e - Hailstorm             Conj/Ice       ######..     3%          4

Your spell library contained the following spells:

 Spells                   Type           Power        Failure   Level
 Animate Skeleton         Necr           #.....       9%          1
 Apportation              Tloc           #.....       9%          1
 Corona                   Hex            #......      9%          1
 Summon Small Mammal      Summ           #...         9%          1


Dungeon Overview and Level Annotations

Branches:
Dungeon (13/15)            Temple (1/1) D:7            Lair (0/6) D:8
    Orc (2/2) D:11            Elf (0/3) Orc:2        Bailey (visited)
 Vaults: D:13-14

Altars:
Ashenzari
Cheibriados
Dithmenos
Fedhas
Kikubaaqudgha
Nemelex Xobeh
Okawaru
Qazlal
Ru
Uskayaw
Vehumet
Wu Jian
Yredelemnul
The Shining One

Shops:
D:11 }   Orc:1 =

Annotations:
D:9 exclusion: oklob plant
D:11 exclusion: orange crystal statue
D:13 Jorgrun


Innate Abilities, Weirdness & Mutations

You have a pair of small antennae on your head.
You sometimes gain power by taking damage.
When seriously injured, your bleeding wounds create thick armour. (AC +9)


Message History

The wall freezes the two-headed ogre.
The two-headed ogre closely misses you. You block the two-headed ogre's attack.
The wall freezes the two-headed ogre!
The wall freezes the two-headed ogre.
You block the two-headed ogre's attack. The two-headed ogre closely misses you.
The two-headed ogre hits you with a +0 giant club.
The two-headed ogre hits you with a +0 giant club!!
* * * LOW HITPOINT WARNING * * *
You focus on the pain.
You feel agile all of a sudden.
Okay, then.
Press: ? - help, Dir - move target cursor, p - two-headed ogre
As you read the scroll of blinking, it crumbles to dust.
Casting: Frozen Ramparts (safe; 1% risk of failure)
Confirm with . or Enter, or press ? or * to list all spells.
You feel a surge of power!
You miscast Hailstorm.
You are very lightly contaminated with residual magic.
Nothing appears to happen.
The two-headed ogre hits you with a +0 giant spiked club!
You die...

## ##.##.# #.....# .##
###...#.### ##.....# ..#
##.........## ###....... #####
##...........# #.........
....###............## ##.........
.O####..........<...###..........
O....#............☼..##.......^..
..O.OT...O....§O..○..#........#..
.............#O.@)..........#.#..
............##.#☼)°.........###..
............#####).........## ##.
##.........## ###<.......#### ##.
..........#####.#...........###..
...........#.#..#............##..
.............#..............####.
.................................
..............>..................


You could see 3 two-headed ogres.

Vanquished Creatures
  Erolcha (Orc:1)
  A hydra (D:12)
  A death knight (D:12)
  6 two-headed ogres
  2 ogre magi
  An orc knight (Bailey)
  An ugly thing (D:11)
  An orc sorcerer (Orc:1)
  3 cyclopes
  2 centaur zombies (D:11)
  3 gargoyles
  4 trolls
  2 tengu conjurers (D:13)
  2 hornets
  3 slime creatures (D:12)
  3 hippogriffs (D:11)
  2 wraiths
  A basilisk (D:8)
  4 yaks (D:12)
  4 wargs
  A water moccasin (D:9)
  4 porcupines (D:8)
  23 orc warriors
  3 phantoms
  An ice beast (D:9)
  4 sky beasts
  A wolf (D:8)
  6 black bears
  4 ogres
  6 centaurs
  A necrophage (D:12)
  2 crocodiles
  4 big kobolds
  A gnoll sergeant (D:12)
  3 bullfrogs
  A scorpion (D:11)
  10 killer bees
  18 wights
  2 howler monkeys
  2 bullfrog zombies
  3 quasits
  5 orc priests
  A bullfrog skeleton (D:8)
  2 hounds
  3 jellies
  22 orc wizards
  4 centaur skeletons
  5 iguanas
  10 worker ants
  A killer bee zombie (D:8)
  5 hound skeletons
  12 gnolls
  19 adders
  2 shadow imps
  2 ufetubi
  2 oozes
  2 adder skeletons
  3 worms
  3 dart slugs (D:2)
  3 leopard geckos
  69 orcs
  A ball python (D:3)
  6 bats
  4 giant cockroaches
  5 goblins
  6 hobgoblins
  3 jackals (D:2)
  A quokka (D:2)
  2 frilled lizards
  23 kobolds
  A leopard gecko skeleton (D:4)
  8 rats
382 creatures vanquished.

Vanquished Creatures (others)
  An orc warrior (Orc:1)
  5 fungi (D:8)
  19 plants (D:8)
  A withered plant (D:12)
26 creatures vanquished.

Grand Total: 408 creatures vanquished

Notes
Turn   | Place    | Note
-------+----------+-------------------------------------------
     0 | D:1      | Lanoc the Demonspawn Ice Elementalist began the quest for
                  | the Orb.
     0 | D:1      | Reached XP level 1. HP: 13/13 MP: 3/3
   359 | D:1      | Gained mutation: You sometimes gain a little power by
                  | taking damage. [demonic ancestry]
   359 | D:1      | Reached XP level 2. HP: 19/19 MP: 3/5
   445 | D:2      | Reached skill level 4 in Ice Magic
   545 | D:2      | Gained mutation: You have a pair of small antennae on your
                  | head. [demonic ancestry]
   545 | D:2      | Reached XP level 3. HP: 16/24 MP: 0/6
   550 | D:2      | Learned a level 3 spell: Frozen Ramparts
  1006 | D:2      | Found an ornate altar of the Wu Jian Council.
  1603 | D:2      | Gained mutation: When seriously injured, your bleeding
                  | wounds create armour. (AC +9) [demonic ancestry]
  1603 | D:2      | Reached XP level 4. HP: 30/30 MP: 3/7
  1726 | D:2      | Found a sacrificial altar of Ru.
  2529 | D:3      | Reached skill level 5 in Ice Magic
  2864 | D:3      | Reached XP level 5. HP: 32/35 MP: 4/8
  3751 | D:4      | Noticed a phantom
  3772 | D:4      | Reached XP level 6. HP: 39/41 MP: 5/9
  4162 | D:4      | Reached skill level 6 in Ice Magic
  4749 | D:5      | Entered Level 5 of the Dungeon
  4816 | D:5      | Reached XP level 7. HP: 33/46 MP: 10/10
  5118 | D:5      | Reached skill level 7 in Ice Magic
  5292 | D:5      | Learned a level 3 spell: Ozocubu's Armour
  6069 | D:5      | Reached skill level 5 in Dodging
  6274 | D:6      | Found a stormy altar of Qazlal.
  6274 | D:6      | Found an iron altar of Okawaru.
  6274 | D:6      | Found a hide-covered altar of Uskayaw.
  6274 | D:6      | Found a sparkling altar of Nemelex Xobeh.
  6274 | D:6      | Found a basalt altar of Yredelemnul.
  6278 | D:6      | Became a worshipper of Qazlal Stormbringer
  6298 | D:7      | Reached skill level 8 in Ice Magic
  6298 | D:7      | Reached XP level 8. HP: 29/52 MP: 7/11
  6669 | D:7      | Found a staircase to the Ecumenical Temple.
  6681 | Temple   | Entered the Ecumenical Temple
  6706 | D:7      | Found a snail-covered altar of Cheibriados.
  7547 | D:8      | Reached skill level 9 in Ice Magic
  7728 | D:8      | HP: 1/52 [wight/+0 falchion (4)]
  7736 | D:7      | HP: 1/52 [crocodile (10)]
  8271 | D:8      | Reached * piety under Qazlal
  8300 | D:8      | Reached XP level 9. HP: 32/57 MP: 8/12
  8513 | D:8      | Reached skill level 10 in Ice Magic
  9201 | D:8      | Found a staircase to the Lair.
  9279 | D:8      | Found an ancient bone altar of Kikubaaqudgha.
  9279 | D:8      | Found a radiant altar of Vehumet.
  9279 | D:8      | Found a shadowy altar of Dithmenos.
 11139 | D:9      | Reached skill level 11 in Ice Magic
 11925 | D:9      | Found a glowing golden altar of the Shining One.
 12003 | D:9      | Reached ** piety under Qazlal
 12204 | D:9      | Noticed a two-headed ogre
 12231 | D:9      | Killed a two-headed ogre
 12231 | D:9      | Gained mutation: You sometimes gain power by taking damage.
                  | [demonic ancestry]
 12231 | D:9      | Reached XP level 10. HP: 19/63 MP: 7/13
 12515 | D:9      | Found a shattered altar of Ashenzari.
 12670 | D:9      | Found a blossoming altar of Fedhas.
 12689 | D:9      | Noticed an oklob plant
 12781 | D:10     | Entered Level 10 of the Dungeon
 12986 | D:10     | Noticed a two-headed ogre
 12994 | D:10     | Killed a two-headed ogre
 12994 | D:10     | Reached skill level 12 in Ice Magic
 13043 | D:10     | You fall into a shaft and drop 1 floor!
 13506 | D:10     | Paralysed by a hornet for 2 turns
 14008 | D:10     | Found a sparkling altar of Nemelex Xobeh.
 14089 | D:10     | Learned a level 4 spell: Summon Ice Beast
 14139 | D:11     | Noticed a gargoyle
 14150 | D:11     | Killed a gargoyle
 14574 | D:11     | Found Liothero's Gadget Shoppe.
 14649 | D:11     | Noticed a cyclops
 14657 | D:11     | Killed a cyclops
 14710 | D:11     | Found a staircase to the Orcish Mines.
 14726 | D:11     | Reached *** piety under Qazlal
 14726 | D:11     | Gained mutation: When seriously injured, your bleeding
                  | wounds create thick armour. (AC +9) [demonic ancestry]
 14726 | D:11     | Reached XP level 11. HP: 30/68 MP: 10/14
 14922 | D:11     | Reached skill level 13 in Ice Magic
 15111 | D:11     | HP: 2/68 [hippogriff (7)]
 15478 | D:11     | Noticed an orange crystal statue
 15506 | D:11     | Noticed a brown ugly thing
 15517 | D:11     | Killed a brown ugly thing
 16072 | D:12     | Noticed a death knight
 16455 | D:12     | Noticed a five-headed hydra
 16469 | D:12     | Killed a five-headed hydra
 16469 | D:12     | Reached skill level 10 in Dodging
 16562 | D:12     | Reached skill level 14 in Ice Magic
 17249 | D:13     | Noticed a two-headed ogre
 17255 | D:13     | Killed a two-headed ogre
 17256 | D:13     | Reached **** piety under Qazlal
 17398 | D:13     | Reached XP level 12. HP: 24/74 MP: 9/15
 17708 | D:13     | Noticed an ogre mage
 17724 | D:13     | Killed an ogre mage
 17892 | D:13     | Noticed a two-headed ogre
 17907 | D:13     | Killed a two-headed ogre
 17953 | D:13     | Noticed a four-headed hydra
 18680 | D:12     | Noticed a two-headed ogre
 18693 | D:12     | Killed a two-headed ogre
 18693 | D:12     | Reached skill level 15 in Ice Magic
 18850 | D:12     | Killed a death knight
 19447 | D:12     | Found a basalt altar of Yredelemnul.
 19627 | D:13     | Noticed a two-headed ogre
 19638 | D:13     | Killed a two-headed ogre
 19646 | D:13     | Reached skill level 1 in Fighting
 19667 | D:13     | Noticed Jorgrun
 19670 | D:13     | HP: 3/76 [Jorgrun/+0 vorpal quarterstaff (10)]
 20104 | Orc:1    | Entered Level 1 of the Orcish Mines
 20124 | Orc:1    | Noticed Erolcha
 20146 | Orc:1    | Killed Erolcha
 20150 | Orc:1    | Reached ***** piety under Qazlal
 20169 | Orc:1    | Found a flagged portal.
 20169 | Orc:1    | Found Agueplim's Jewellery Emporium.
 20355 | Bailey   | Entered a bailey
 20584 | Bailey   | Learned a level 4 spell: Hailstorm
 21002 | Orc:2    | Entered Level 2 of the Orcish Mines
 21007 | Orc:2    | Found a staircase to the Elven Halls.
 21365 | Orc:2    | Noticed a two-headed ogre
 21367 | Orc:2    | Noticed a two-headed ogre
 21368 | Orc:2    | Noticed an ogre mage
 21368 | Orc:2    | Noticed a two-headed ogre
 21373 | Orc:2    | Noticed a two-headed ogre
 21373 | Orc:2    | Noticed a two-headed ogre
 21374 | Orc:2    | Noticed a two-headed ogre
 21377 | Orc:2    | Noticed a two-headed ogre
 21388 | Orc:2    | Killed an ogre mage
 21402 | Orc:2    | HP: 1/81 [two-headed ogre/+0 giant club (25)]
 21408 | Orc:2    | Mangled by a two-headed ogre

Illustrated notes

Levels and vault maps discovered:
D:1:      erik_arrival_cave_to_civilisation [erik_arrival_cave_to_hall],
          layout_basic, minmay_misc_feat_iff
D:2:      kennysheep_six_static_rooms, layout_loops_ring,
          nicolae_ru_great_annihilating_truth, nicolae_overflow_crystal_walls
D:3:      cheibrodos_pilgrimage, layout_loops_corners
D:4:      minmay_chambers_of_twos, layout_rooms, minmay_misc_feat_plants
D:5:      layout_basic
D:6:      layout_loops_corners, nicolae_overflow_hidden_temple,
          kennysheep_minor_cross, minmay_strange_pillars,
          nemelex_spade_bored_becter
D:7:      layout_basic, overflow_temple_1_default,
          minmay_temple_entry_stoned_glass
D:8:      layout_cave_pods, gammafunk_temple_overflow_forgotten,
          minmay_lair_entry_grove, sword_in_stone
D:9:      layout_basic, lemuel_round_altar, kennysheep_mini_moat, tgw_fedhas
D:10:     layout_irregular_city, serial_co_window_serial,
          co_window_of_opportunity_a, co_window_of_opportunity_a,
          co_window_of_opportunity_a, co_window_paths_a, co_window_corner_a,
          co_window_corner_ca, co_window_corner_cb, co_window_unsneaky_path_c,
          co_window_2corner, co_window_corner_ca, glass_columns_a,
          glass_columns_a, hangedman_decor_riveting,
          nemelex_xobeh_ov_fountains_minmay
D:11:     layout_long_grid, david_orc_1_choice, serial_shops, shop,
          minmay_protected_statue
D:12:     layout_gridville, yredelemnul_altar_generic
D:13:     layout_rooms, david_vaults_2, uniq_jorgrun
Temple:   nicolae_temple_figure_zero
Orc:1:    layout_caves, enter_bailey_2, nicolae_orc_rockfall,
          minmay_shop_enchanted_jewellery, uniq_erolcha
Orc:2:    st_orc_open, layout_diamond_mine, serial_shops, shop

Skill      XL: |  1  2  3  4  5  6  7  8  9 10 11 12 |
---------------+-------------------------------------+-----
Dodging        | 2 3 4 5 6 8 9 10 11 | 11.5
Ice Magic      | 4 5 6 8 9 11 12 14 15 | 15.7
Fighting       | 3 |  3.4
Stealth        | |  1.7
Spellcasting   | |  2.0

Action                   |  1- 3 |  4- 6 |  7- 9 | 10-12 || total
-------------------------+-------+-------+-------+-------++-------
Melee: Unarmed           |    19 |    27 |       |       ||    46
       Dagger            |       |    79 |   403 |     5 ||   487
       Halberd           |       |       |       |   289 ||   289
Throw: Dart              |       |       |       |     9 ||     9
 Cast: Freeze            |    40 |       |       |       ||    40
       Frozen Ramparts   |     4 |    42 |    78 |    86 ||   210
       Hailstorm         |       |       |       |     5 ||     5
  Use: Potion            |       |     6 |     1 |     2 ||     9
       Scroll            |       |     5 |     6 |     5 ||    16
 Stab: Sleeping          |     1 |     1 |       |       ||     2
       Paralysed         |       |     8 |       |       ||     8
       Distracted        |       |     1 |       |       ||     1
Armor: Robe              |    11 |    18 |    63 |    73 ||   165
Dodge: Dodged            |    46 |    67 |   366 |   268 ||   747
       Repelled          |       |       |       |     2 ||     2
Block: Other             |       |       |    15 |    70 ||    85

Table legend: (Time is in decaauts)
 A = Elapsed time spent in this place.
 B = Non-inter-level travel time spent in this place.
 C = Inter-level travel time spent in this place.
 D = Time resting spent in this place.
 E = Time spent auto-exploring this place.
 F = Levels seen in this place.
 G = Mean time per level.
                   A        B        C        D        E       F      G
               +--------+--------+--------+--------+--------+-----+--------+
         Total |  21584 |  21000 |    584 |   2086 |  15244 |  17 | 1269.6 |
       Dungeon |  20262 |  19692 |    570 |   1625 |  14789 |  13 | 1558.6 |
        Temple |      4 |      4 |      0 |      0 |      0 |   1 |    4.0 |
  Orcish Mines |    884 |    871 |     13 |    252 |    367 |   2 |  442.0 |
        Bailey |    433 |    433 |      0 |    209 |     88 |   1 |  433.0 |
               +--------+--------+--------+--------+--------+-----+--------+

Top non-repeatable levels by time:
     D:8: 3578 daAuts
    D:12: 2826 daAuts
    D:10: 1847 daAuts
    D:11: 1755 daAuts
     D:2: 1734 daAuts
     D:5: 1523 daAuts
     D:3: 1481 daAuts
     D:9: 1474 daAuts
     D:7: 1440 daAuts
     D:4: 1101 daAuts
    D:13: 1047 daAuts
   Orc:1: 474 daAuts
     D:1: 439 daAuts
  Bailey: 433 daAuts
   Orc:2: 410 daAuts
